 Dungeon Crawl Stone Soup version 0.31-a0-1074-g0b22e4e0f1 (webtiles) character file.

Game seed: 147067459205734781

732 bmb222 the Cudgeller (level 7, -3/55 HPs)
             Began as a Demonspawn Fighter on Nov 30, 2023.
             Slain by Menkaure (14 damage)
             ... on level 5 of the Dungeon.
             The game lasted 00:04:18 (4190 turns).

bmb222 the Cudgeller (Demonspawn Fighter)           Turns: 4190, Time: 00:04:19

Health: -3/55      AC: 10    Str: 18    XL:     7   Next: 45%
Magic:  7/7        EV:  8    Int: 10    God:
Gold:   244        SH:  0    Dex: 12    Spells: 6/6 levels left

rFire   . . .        a - +0 flail
rCold   . . .        (no shield)
rNeg    . . .        j - +0 chain mail
rPois   .            (no helmet)
rElec   .            (no cloak)
rCorr   .            p - +0 pair of gloves
SInv    .            (no boots)
Will    +....        (no amulet) Stlth
                     f - +4 ring of slaying
HPRegen 0.29/turn    m - ring of willpower
MPRegen 0.10/turn

%: no passive effects
@: mighty
A: ignite blood 1, sturdy frame 1, demonic touch 1
a: no special abilities


You were on level 5 of the Dungeon.
You visited 1 branch of the dungeon, and saw 5 of its levels.

You collected 244 gold pieces.

Inventory:

Hand Weapons
 a - a +0 flail (weapon)
 t - a +2 orcbow of flaming
Missiles
 w - a throwing net
Armour
 b - a +0 scale mail
 c - a +0 buckler
 j - a +0 chain mail (worn)
 o - an orb of guile
 p - a +0 pair of gloves (worn)
Jewellery
 f - a +4 ring of slaying (left hand)
 m - a ring of willpower (right hand)
 u - a ring of willpower
 v - a ring of wizardry
Scrolls
 e - 5 scrolls of identify {unknown}
 g - a scroll of blinking {unknown}
 h - 2 scrolls of teleportation {unknown}
 k - 2 scrolls of immolation {unknown}
 l - a scroll of revelation {unknown}
 r - 2 scrolls of enchant weapon {unknown}
Potions
 d - a potion of might
 i - 3 potions of curing {unknown}
 n - 2 potions of degeneration {unknown}
 q - a potion of resistance {unknown}
 s - a potion of haste {unknown}


   Skills:
 + Level 4.4 Fighting
 * Level 6.1 Maces & Flails
 + Level 4.2 Armour
 + Level 3.2 Shields


You had 6 spell levels left.
You didn't know any spells.
Your spell library was empty.

Dungeon Overview and Level Annotations

Branches:
Dungeon (5/15)
 Temple: D:4-7

Altars:
Uskayaw

Annotations:
D:5 Menkaure


Innate Abilities, Weirdness & Mutations

Your demonic aura sometimes causes spilled blood to erupt in flames.
Your movements are slightly less encumbered by armour. (ER -2)
Your touch may inflict minor irresistible damage on your foes.


Message History

The ufetubus hits you but does no damage.
You sock the ufetubus!
You kill the ufetubus!
The ufetubus hits you.
The ufetubus hits you but does no damage.
Menkaure calls on the powers of darkness!
Your body is wracked with pain!
The ufetubus hits you but does no damage. x2
The ufetubus hits you but does no damage.
The ufetubus hits you.
There is an open door here.
The ufetubus hits you but does no damage.
The ufetubus hits you.
You hit the ufetubus. Your touch misses the ufetubus.
The ufetubus is heavily wounded.
The ufetubus slips past you!
The ufetubus hits you but does no damage.
The ufetubus closely misses you.
You hit the ufetubus. Your touch misses the ufetubus.
The ufetubus is almost dead.
The ufetubus hits you but does no damage.
The ufetubus barely misses you.
The ufetubus hits you but does no damage.
The ufetubus closely misses you.
You closely miss the ufetubus.
The ufetubus is almost dead.
The ufetubus hits you but does no damage.
The ufetubus barely misses you. The ufetubus closely misses you. x2
Menkaure mumbles some strange words.
Menkaure seems to speed up.
You hit the ufetubus.
You kill the ufetubus!
You feel very mighty all of a sudden. Menkaure hits you but does no damage.
You barely miss Menkaure. Menkaure hits you!
* * * LOW HITPOINT WARNING * * *
Unknown command.
You completely miss Menkaure. Menkaure hits you but does no damage.
Menkaure hits you!
You die...

#.#.....#
#.#...$.#
#.#.....###
#.#.......
# #.#...(.#
#.
#.#.....#
#.
#.#.?...#
#.
#.###M###
#. #.# #@#
#. #.###.#
#.....#
####### #.#
#.# #.# #.#
#.#


You could see Menkaure (fast).

Vanquished Creatures
  Grinder (D:3)
  An ogre (D:4)
  A centaur (D:4)
  2 lemures (D:4)
  A hound (D:5)
  A jelly (D:4)
  Terence (D:3)
  An iguana (D:4)
  2 orc wizards
  6 gnolls (D:3)
  4 adders
  2 ufetubi (D:5)
  7 worms
  4 dart slugs
  8 orcs
  4 ball pythons
  5 endoplasms
  A giant cockroach (D:2)
  8 goblins
  2 hobgoblins
  11 jackals
  4 kobolds
  A quokka (D:1)
  5 bats
  2 frilled lizards
  7 rats
92 creatures vanquished.

Notes
Turn   | Place    | Note
-------+----------+-------------------------------------------
     0 | D:1      | bmb222 the Demonspawn Fighter began the quest for the Orb.
     0 | D:1      | Reached XP level 1. HP: 18/18 MP: 1/1
   139 | D:1      | Gained mutation: Your movements are slightly less
                  | encumbered by armour. (ER -2) [demonic ancestry]
   139 | D:1      | Reached XP level 2. HP: 20/20 MP: 2/2
   303 | D:1      | Reached skill level 2 in Maces & Flails
   420 | D:1      | Found a faded altar of an unknown god.
   465 | D:1      | Gained mutation: Your touch may inflict minor irresistible
                  | damage on your foes. [demonic ancestry]
   465 | D:1      | Reached XP level 3. HP: 29/29 MP: 3/3
  1786 | D:3      | Gained mutation: Your demonic aura sometimes causes spilled
                  | blood to erupt in flames. [demonic ancestry]
  1786 | D:3      | Reached XP level 4. HP: 30/35 MP: 4/4
  1813 | D:3      | Reached skill level 3 in Maces & Flails
  2268 | D:3      | Reached XP level 5. HP: 41/41 MP: 5/5
  2322 | D:3      | Noticed Grinder
  2326 | D:3      | Paralysed by Grinder for 2 turns
  2328 | D:3      | Killed Grinder
  2329 | D:3      | Reached skill level 4 in Maces & Flails
  2329 | D:3      | Reached XP level 6. HP: 43/48 MP: 6/6
  2637 | D:3      | Noticed a +0 dagger
  2638 | D:3      | Found a hide-covered altar of Uskayaw.
  2638 | D:3      | Noticed a +0 hand axe
  2640 | D:3      | Noticed Terence
  2648 | D:3      | Killed Terence
  3015 | D:4      | Reached skill level 5 in Maces & Flails
  3071 | D:4      | Reached XP level 7. HP: 48/54 MP: 7/7
  3757 | D:5      | Entered Level 5 of the Dungeon
  4111 | D:5      | Reached skill level 6 in Maces & Flails
  4179 | D:5      | Noticed Menkaure
  4190 | D:5      | Slain by Menkaure

Illustrated notes

Levels and vault maps discovered:
D:1:      dpeg_arrival_pits, layout_loops_ring,
          shapermc_ecumenical_altar_acropolis
D:2:      layout_basic, corexii_item_surrounded_by_moat
D:3:      layout_loops_ring, dancing_weapons_uskayaw, uniq_terence, uniq_grinder
D:4:      layout_cave_pools, minmay_hedge_maze, grunt_ministairs_7,
          serial_library_hellmonk_recessed_alcove,
          minmay_misc_feat_secret_circle, hangedman_decor_riveting
D:5:      layout_basic, dreamdust_princess_bridge, uniq_pikel, uniq_duvessa,
          uniq_menkaure

Skill      XL: |  1  2  3  4  5  6  7 |
---------------+----------------------+-----
Shields        | 3 |  3.2
Maces & Flails | 2 3 4 5 6 |  6.1
Armour         | 3 4 |  4.2
Fighting       | 4 |  4.4

Action                     |  1- 3 |  4- 6 |  7- 9 || total
---------------------------+-------+-------+-------++-------
  Melee: Flail             |    84 |    73 |    61 ||   218
         Touch             |     6 |     9 |    13 ||    28
         Punch             |     1 |       |       ||     1
    Use: Potion            |       |       |     1 ||     1
 Armour: Scale mail        |    34 |       |       ||    34
         Chain mail        |    20 |    52 |    69 ||   141
  Dodge: Dodged            |    32 |    27 |    37 ||    96
  Block: Buckler           |    13 |       |       ||    13

Table legend: (Time is in decaauts)
 A = Elapsed time spent in this place.
 B = Non-inter-level travel time spent in this place.
 C = Inter-level travel time spent in this place.
 D = Time resting spent in this place.
 E = Time spent auto-exploring this place.
 F = Levels seen in this place.
 G = Mean time per level.
                   A        B        C        D        E       F      G
               +--------+--------+--------+--------+--------+-----+--------+
         Total |   4238 |   3929 |    309 |    707 |   2615 |   5 |  847.6 |
       Dungeon |   4238 |   3929 |    309 |    707 |   2615 |   5 |  847.6 |
               +--------+--------+--------+--------+--------+-----+--------+

Top non-repeatable levels by time:
     D:3: 1307 daAuts
     D:2: 1040 daAuts
     D:4: 972 daAuts
     D:1: 792 daAuts
     D:5: 125 daAuts
